 Dungeon Crawl Stone Soup version 0.31-a0-236-g9a0961fb85 (webtiles) character file.

Game seed: 12016697065029875931

84 Anon1729 the Trooper (level 4, -3/40 HPs)
             Began as a Minotaur Monk on July 10, 2023.
             Slain by an iguana (11 damage)
             ... on level 4 of the Dungeon.
             The game lasted 00:00:41 (996 turns).

Anon1729 the Trooper (Minotaur Monk)                 Turns: 996, Time: 00:00:42

Health: -3/40      AC:  2    Str: 16    XL:     4   Next: 24%
Magic:  3/4        EV: 13    Int:  7    God:
Gold:   61         SH:  0    Dex: 14    Spells: 3/3 levels left

rFire   . . .        l - +0 dagger (drain)
rCold   . . .        d - orb {light}
rNeg    . . .        b - +0 robe
rPois   .            (helmet restricted)
rElec   .            (no cloak)
rCorr   .            (no gloves)
SInv    .            (no boots)
Will    .....        (no amulet)
Stlth   +            (no ring)
HPRegen 0.26/turn    (no ring)
MPRegen 0.09/turn

%: no passive effects
@: glowing
A: horns 2, retaliatory headbutt
a: no special abilities


You were on level 4 of the Dungeon.
You visited 1 branch of the dungeon, and saw 3 of its levels.

You collected 61 gold pieces.

Inventory:

Hand Weapons
 a - a +0 short sword
 l - a +0 dagger of draining (weapon)
Armour
 b - a +0 robe (worn)
 d - an orb of light (worn)
Scrolls
 e - 3 scrolls of noise {unknown}
 g - a scroll of fog {unknown}
 h - a scroll of teleportation {unknown}
 i - a scroll of identify {unknown}
 m - a scroll of enchant armour {unknown}
Potions
 c - a potion of ambrosia
 f - a potion of degeneration {unknown}
 j - a potion of curing {unknown}
 k - a potion of heal wounds {unknown}


   Skills:
 + Level 4.2 Fighting
 + Level 3.8 Short Blades
 + Level 1.5 Armour
 + Level 3.7 Dodging
 + Level 1.1 Stealth
 + Level 1.4 Invocations


You had 3 spell levels left.
You didn't know any spells.
Your spell library was empty.

Dungeon Overview and Level Annotations

Branches:
Dungeon (4/15)
 Temple: D:4-7

Altars:
Xom


Innate Abilities, Weirdness & Mutations

You have a pair of horns on your head.
You reflexively headbutt those who attack you in melee.


Message History

The hobgoblin attacks as you move away! The hobgoblin closely misses you.
You see here a +0 mace.
The kobold attacks as you move away!
The kobold hits you with a +0 short sword.
The kobold attacks as you move away! The kobold closely misses you.
There is an open door here.
A hobgoblin comes into view.
Found a stone staircase leading down.
The hobgoblin attacks as you move away! The hobgoblin barely misses you.
The hobgoblin hits you.
You hit the hobgoblin. You drain the hobgoblin. You headbutt the hobgoblin.
You kill the hobgoblin!
The hobgoblin completely misses you. The hobgoblin attacks as you move away!
The hobgoblin barely misses you.
An iguana comes into view.
You see here a hobgoblin corpse.
The hobgoblin attacks as you move away! The hobgoblin closely misses you.
The teleport trap disappears.
The iguana disappears!
You barely miss the hobgoblin. The hobgoblin hits you.
* * * LOW HITPOINT WARNING * * *
You hit the hobgoblin. You drain the hobgoblin.
You kill the hobgoblin!
You hit the iguana.
The iguana is lightly wounded.
You hit the iguana.
You headbutt the iguana, but do no damage.
The iguana is lightly wounded.
The iguana misses you.
You hit the iguana.
The iguana is lightly wounded.
The iguana closely misses you. You furiously retaliate!
You headbutt the iguana! You barely miss the iguana.
The iguana is almost dead.
The iguana bites you.
* * * LOW HITPOINT WARNING * * *
You hit the iguana but do no damage.
The iguana is almost dead.
The iguana bites you!
You die...

.....# .....##
....... ##.......
#.......#
#.>.....#
#########.......#
#.......#@#
#.......#l#
#.......#K#
#.......#w#
#.......#.#
#.......#.#
#.......#'#####
#...........>.#
#.............+


You could see a worm, an iguana and a kobold.

Vanquished Creatures
  An orc wizard (D:4)
  3 adders
  A dart slug (D:4)
  A bat (D:1)
  2 endoplasms (D:1)
  3 goblins (D:1)
  4 hobgoblins
  2 jackals (D:1)
  3 kobolds (D:1)
  A quokka (D:1)
  4 ball pythons
  5 rats
30 creatures vanquished.

Notes
Turn   | Place    | Note
-------+----------+-------------------------------------------
     0 | D:1      | Anon1729 the Minotaur Monk began the quest for the Orb.
     0 | D:1      | Reached XP level 1. HP: 19/19 MP: 0/0
   267 | D:1      | Reached XP level 2. HP: 27/27 MP: 1/1
   839 | D:2      | Reached skill level 1 in Armour
   839 | D:2      | Reached XP level 3. HP: 19/33 MP: 2/2
   941 | D:2      | You fall into a shaft and drop 2 floors!
   961 | D:4      | Found a shimmering altar of Xom.
   961 | D:4      | Noticed a scorpion
   964 | D:4      | Reached skill level 4 in Fighting
   964 | D:4      | Reached skill level 1 in Invocations
   970 | D:4      | Reached skill level 1 in Stealth
   977 | D:4      | Reached XP level 4. HP: 14/40 MP: 2/4
   996 | D:4      | Slain by an iguana

Illustrated notes

Levels and vault maps discovered:
D:1:      dpeg_arrival_circle_labyrinth_c, layout_rooms, minmay_strange_pillars,
          item_on_display_a
D:2:      layout_basic, shapermc_ecumenical_altar_gd, uniq_terence
D:4:      layout_basic, xom_confusion_cloud, mainiacjoe_overflow_24_doors,
          nicolae_grassy_gnolls

Skill      XL: |  1  2  3 |
---------------+----------+-----
Armour         | 1 |  1.5
Fighting       | 4 |  4.2
Invocations    | 1 |  1.4
Stealth        | 1 |  1.1
Short Blades   | |  3.8
Dodging        | |  3.7

Action                     |  1- 3 |  4- 6 || total
---------------------------+-------+-------++-------
  Melee: Short sword       |    42 |       ||    42
         Headbutt          |    14 |     2 ||    16
         Dagger            |    23 |     8 ||    31
 Armour: Robe              |    12 |       ||    12
  Dodge: Dodged            |    33 |     9 ||    42

Table legend: (Time is in decaauts)
 A = Elapsed time spent in this place.
 B = Non-inter-level travel time spent in this place.
 C = Inter-level travel time spent in this place.
 D = Time resting spent in this place.
 E = Time spent auto-exploring this place.
 F = Levels seen in this place.
 G = Mean time per level.
                   A        B        C        D        E       F      G
               +--------+--------+--------+--------+--------+-----+--------+
         Total |    982 |    882 |    100 |     60 |    677 |   3 |  327.3 |
       Dungeon |    982 |    882 |    100 |     60 |    677 |   3 |  327.3 |
               +--------+--------+--------+--------+--------+-----+--------+

Top non-repeatable levels by time:
     D:1: 820 daAuts
     D:2: 111 daAuts
     D:4: 50 daAuts
